 Dungeon Crawl Stone Soup version 0.18-a0-943-g2c08dd4 (webtiles) character file.

7073 Duffy the Grappler (level 11, -7/86 HPs)
             Began as a Formicid Transmuter on Dec 28, 2015.
             Was a Believer of Cheibriados.
             Mangled by a yak (11 damage)
             ... on level 8 of the Dungeon.
             The game lasted 00:17:32 (12336 turns).

Duffy the Grappler (Formicid Transmuter)           Turns: 12336, Time: 00:17:33

Health: -7/86      AC:  8    Str: 19    XL:     11   Next: 30%
Magic:  10/18      EV: 15    Int: 18    God:    Cheibriados [**....]
Gold:   173        SH:  0    Dex: 17    Spells: 3 memorised, 11 levels left

rFire  . . .     SeeInvis +       - Unarmed
rCold  . . .     Gourm    .     D - +1 ring mail of Leaves {rElec} (curse)
rNeg   . . .     Faith    .     (shield currently unavailable)
rPois  .         Spirit   .     (helmet unavailable)
rElec  +         Dismiss  .     M - +0 cloak
rCorr  .         Reflect  .     (gloves currently unavailable)
SustAt .         Harm     .     C - +0 pair of boots
MR     +....                    (no amulet)
Stlth  +.........               (no ring)
                                f - ring of wizardry

@: blade hands, very slow, somewhat resistant to hostile enchantments, very
unstealthy
A: permanent stasis, dig shafts and tunnels, four strong arms, antennae 3
a: Dig, Shaft Self, End Transformation, Bend Time, Renounce Religion


You were on level 8 of the Dungeon.
You worshipped Cheibriados.
Cheibriados was pleased with you.
You were very hungry.
You had blades for hands.
You visited 2 branches of the dungeon, and saw 10 of its levels.

You collected 503 gold pieces.
You spent 330 gold pieces at shops.


Innate Abilities, Weirdness & Mutations

You are under a permanent stasis effect.
You can dig through walls and to a lower floor.
Your four strong arms can wield two-handed weapons with a shield.
You have a pair of large antennae on your head (SInv).


   Skills:
 - Level 8.3 Fighting
 - Level 7.1 Dodging
 - Level 10.0 Unarmed Combat
 - Level 5.0 Spellcasting
 + Level 8.4 Transmutations
 - Level 2.0 Poison Magic


You had 11 spell levels left.
You knew the following spells:

 Your Spells              Type           Power        Failure   Level  Hunger
j - Spider Form           Trmt/Pois      ###.......   22%         3    ##.....
l - Blade Hands           Trmt           ####......   32%         5    ######.
T - Beastly Appendage     Trmt           ####..       6%          1    None

Inventory:

Missiles
 a - 92 arrows
 m - 39 poisoned needles
 p - 2 throwing nets (quivered)
Armour
 z - a +0 pair of gloves (melded)
 C - a +0 pair of boots (worn)
 D - the cursed +1 ring mail of Leaves (worn) {rElec}

   It insulates you from electricity.
   It has a curse placed upon it.
 M - a +0 cloak (worn)
 N - a +0 plate armour
Jewellery
 f - a ring of wizardry (left scythe-like blade)
Wands
 y - a wand of disintegration (11/24)
 B - a wand of polymorph (8/24)
 H - a wand of disintegration (17/24)
 I - a wand of frost (20/48)
 O - a wand of paralysis (11/24)
Scrolls
 b - a scroll of teleportation {unknown}
 e - 2 scrolls of random uselessness {unknown}
 i - a scroll of remove curse {unknown}
 j - a scroll of enchant armour {unknown}
 k - a scroll of noise {unknown}
 n - a scroll of blinking {unknown}
 q - 2 scrolls of fog {unknown}
 s - 2 scrolls of enchant weapon {unknown}
 x - a scroll of fear {unknown}
 E - 4 scrolls of identify {unknown}
 G - a scroll of recharging {unknown}
 J - a scroll of magic mapping {unknown}
Potions
 h - 7 potions of curing
 o - 3 potions of lignification
 r - 5 potions of cancellation
 t - a potion of resistance {unknown}
 u - 3 potions of poison {unknown}
 w - 3 potions of degeneration
 A - a potion of brilliance {unknown}
 K - a potion of magic {unknown}
 P - a potion of agility
 Q - a potion of invisibility
 R - a potion of flight
Books
 c - a book of Changes
Comestibles
 d - 4 bread rations
 g - 2 beef jerkies
 l - 2 meat rations

Dungeon Overview and Level Annotations

Branches:
Dungeon (9/15)             Temple (1/1) D:7
   Lair: D:8-11         Orc: D:9-12

Altars:
Ashenzari
Cheibriados
Dithmenos
Elyvilon
Fedhas
Gozag
Kikubaaqudgha
Makhleb
Nemelex Xobeh
Okawaru
Pakellas
Qazlal
Ru
Sif Muna
Trog
Xom
Yredelemnul
Zin
The Shining One

Shops:
D:7 !

Annotations:
D:9 Psyche


Message History

You are too injured to fight recklessly!
You are too injured to fight recklessly!
You are too injured to fight recklessly!
You are too injured to fight recklessly!
You are too injured to fight recklessly!
You are too injured to fight recklessly!
You slash the yak!
The yak is moderately wounded.
You barely miss the yak. You slash the yak!
The yak is severely wounded.
The yak gores you! The yak gores you but does no damage.
The yak barely misses you.
You slash the yak!
You kill the yak!
Cheibriados appreciates the change of pace.
The yak gores you. The yak misses you.
You slash the yak!
The yak is moderately wounded.
The yak barely misses you. The yak gores you but does no damage.
You hit the yak.
The yak is moderately wounded.
The yak gores you. The yak closely misses you.
You slice the yak!!
The yak is severely wounded.
Your hands revert to their normal proportions.
Your +0 pair of gloves unmelds from your body.
You barely miss the yak.
The yak is severely wounded.
The yak misses you. The yak gores you!
Cast which spell? (? or * to list)
Your hands turn into razor-sharp scythe blades.
Your +0 pair of gloves melds into your body.
You are feeling very hungry.
The yak gores you! x2
You die...

..........#....#.#...###.#.#####.
..........#....#.#.....#[..# #.
..........#....#.#.....#.#.# #.
......#...####+#.#.....#.#.# #.
......#..........#....##.#.# #.
#######..........#....##.#.#####.
#..........#....'..#.......
#........%.#....#.#######.#
###.......@Y....''########(
#.......#Y............#.#
###.......#.............###
#######........##.............#
...............##.............#
...............##.............#
...............##.........)...#
........#########.............#
........# #.............#


You could see 2 yaks.

Action                   |  1- 3 |  4- 6 |  7- 9 | 10-12 || total
-------------------------+-------+-------+-------+-------++-------
Melee: Unarmed           |   109 |   165 |   230 |   229 ||   733
 Cast: Spider Form       |     2 |    16 |    18 |     7 ||    43
       Blade Hands       |       |       |       |     4 ||     4
 Abil: Dig               |       |     1 |     9 |     7 ||    17
  Use: Potion            |       |       |       |     1 ||     1
 Stab: Sleeping          |     1 |       |     2 |       ||     3
  Eat: Chunk             |     3 |    13 |    11 |    12 ||    39
       Fruit             |       |       |     4 |       ||     4
       Royal jelly       |       |       |       |     1 ||     1

Notes
Turn   | Place    | Note
--------------------------------------------------------------
     0 | D:1      | Duffy the Formicid Transmuter began the quest for the Orb.
     0 | D:1      | Reached XP level 1. HP: 15/15 MP: 3/3
     0 | D:1      | Noticed a red draconian
     0 | D:1      | Noticed an iron dragon
     0 | D:1      | Noticed a black draconian
     2 | D:1      | Noticed an iron dragon
     6 | D:1      | Noticed a shadow dragon
    12 | D:1      | Noticed a white draconian
    14 | D:1      | Noticed an iron dragon
    14 | D:1      | Noticed an orb of fire
    14 | D:1      | Noticed a shadow dragon
    16 | D:1      | Noticed a large abomination
    16 | D:1      | Noticed a large abomination
    16 | D:1      | Noticed a yellow draconian
    18 | D:1      | Noticed an ice dragon
    20 | D:1      | Noticed an iron dragon
   461 | D:1      | Reached XP level 2. HP: 5/21 MP: 5/5
  1333 | D:1      | Reached XP level 3. HP: 17/26 MP: 6/6
  1342 | D:1      | Learned a level 3 spell: Spider Form
  1877 | D:2      | Reached skill level 1 in Poison Magic
  1973 | D:2      | Noticed Ijyb
  1992 | D:2      | Killed Ijyb
  1992 | D:2      | Reached skill level 4 in Unarmed Combat
  1992 | D:2      | Reached XP level 4. HP: 30/32 MP: 4/7
  2345 | D:2      | Reached skill level 2 in Poison Magic
  2474 | D:2      | Reached skill level 3 in Transmutations
  2564 | D:2      | Reached XP level 5. HP: 34/37 MP: 4/8
  2679 | D:2      | Found a stormy altar of Qazlal.
  3567 | D:3      | Noticed filipzpl's ghost (weakling DEWz)
  4228 | D:3      | Found a shimmering altar of Xom.
  4235 | D:3      | Reached skill level 5 in Unarmed Combat
  4358 | D:3      | Reached XP level 6. HP: 43/43 MP: 5/9
  4655 | D:4      | Reached skill level 6 in Unarmed Combat
  4710 | D:4      | Noticed braks's ghost (amateur DgFi)
  5171 | D:4      | Noticed a slave
  5189 | D:4      | Killed a slave
  5266 | D:4      | Noticed Pikel
  5266 | D:4      | Noticed a slave
  5268 | D:4      | Noticed a slave
  5268 | D:4      | Noticed a slave
  5296 | D:4      | Killed Pikel
  5296 | D:4      | Reached skill level 8 in Unarmed Combat
  5296 | D:4      | Reached XP level 7. HP: 21/48 MP: 7/10
  5296 | D:4      | Reached XP level 8. HP: 23/54 MP: 7/11
  5959 | D:5      | Entered Level 5 of the Dungeon
  6019 | D:6      | Noticed Sigmund
  6026 | D:6      | Killed Sigmund
  6026 | D:6      | Reached skill level 9 in Unarmed Combat
  6074 | D:6      | Got a translucent ring mail
  6110 | D:5      | Noticed Menkaure
  6122 | D:5      | Killed Menkaure
  6122 | D:5      | Reached skill level 2 in Dodging
  6236 | D:5      | Noticed Prince Ribbit
  6245 | D:5      | Killed Prince Ribbit
  6245 | D:5      | Reached skill level 2 in Fighting
  6245 | D:5      | Reached XP level 9. HP: 39/62 MP: 8/12
  6578 | D:5      | Reached skill level 3 in Fighting
  6578 | D:5      | Reached skill level 3 in Dodging
  7119 | D:5      | Reached skill level 10 in Unarmed Combat
  7187 | D:5      | Identified the cursed +1 ring mail of Leaves {rElec} (You found it on level 6 of the Dungeon)
  7321 | D:6      | Reached skill level 4 in Fighting
  7332 | D:6      | Reached skill level 4 in Dodging
  7545 | D:6      | Found a basalt altar of Yredelemnul.
  7860 | D:6      | Reached skill level 5 in Fighting
  8140 | D:6      | Reached skill level 5 in Dodging
  8513 | D:6      | Reached skill level 6 in Fighting
  8780 | D:7      | Reached XP level 10. HP: 58/76 MP: 13/13
  9073 | D:7      | Reached skill level 6 in Dodging
  9146 | D:7      | Found a staircase to the Ecumenical Temple.
  9155 | Temple   | Entered the Ecumenical Temple
  9392 | Temple   | Became a worshipper of Cheibriados the Contemplative
  9413 | Temple   | Learned a level 5 spell: Blade Hands
  9447 | D:7      | Reached skill level 7 in Fighting
  9674 | D:7      | Found Nes Yckyi's Distillery.
  9699 | D:7      | Bought a potion of curing for 33 gold pieces
  9699 | D:7      | Bought a potion of degeneration for 11 gold pieces
  9701 | D:7      | Bought a potion of lignification for 33 gold pieces
  9701 | D:7      | Bought a potion of agility for 44 gold pieces
  9701 | D:7      | Bought a potion of cancellation for 88 gold pieces
  9701 | D:7      | Bought a potion of invisibility for 88 gold pieces
  9701 | D:7      | Bought a potion of flight for 33 gold pieces
 10216 | D:4      | Killed braks's ghost
 10416 | D:3      | Killed filipzpl's ghost
 10416 | D:3      | Reached * piety under Cheibriados
 10673 | D:8      | Reached skill level 8 in Fighting
 10793 | D:8      | Found a sacrificial altar of Ru.
 10830 | D:8      | Reached skill level 7 in Dodging
 10885 | D:8      | Found an oddly glowing altar of Pakellas.
 10885 | D:8      | Found an iron altar of Okawaru.
 10986 | D:8      | Noticed a cyclops
 11022 | D:8      | Killed a cyclops
 11022 | D:8      | Reached skill level 3 in Spellcasting
 11022 | D:8      | Reached skill level 4 in Transmutations
 11275 | D:8      | Reached skill level 5 in Transmutations
 11629 | D:8      | Reached ** piety under Cheibriados
 11799 | D:9      | Found a shadowy altar of Dithmenos.
 11799 | D:9      | Noticed Gastronok
 11801 | D:9      | Noticed Psyche
 11989 | D:8      | Killed Gastronok
 11989 | D:8      | Reached skill level 5 in Spellcasting
 11989 | D:8      | Reached skill level 7 in Transmutations
 11989 | D:8      | Reached XP level 11. HP: 5/86 MP: 12/18
 12328 | D:8      | Reached skill level 8 in Transmutations
 12336 | D:8      | Mangled by a yak

Vault maps used:
D:1:      shiori_arrival_whats_in_store_for_you, minmay_misc_feat_pillars,
          minmay_misc_feat_four_crosses, lemuel_flame_loot_1
D:2:      kennysheep_the_goblin_king, lemuel_coloured_pillars_altar,
          first_bread, amalloy_card_club, uniq_iyjb
D:3:      xom_teletrap_fun, minmay_parallelograms
D:4:      uniq_pikel
D:5:      uniq_menkaure, uniq_prince_ribbit1
D:6:      yredelemnul_forgotten_temple_becter, uniq_sigmund
D:7:      minmay_flawed_box, minmay_temple_entry_mist, serial_shops, shop_coins
D:8:      nicolae_ru_the_path_less_chosen, amethyst_overflow_temple_binary
D:9:      overflow_temple_1_default, lemuel_doored_altar, david_lair_generic,
          erik_orc_1, serial_shops, kennysheep_mini, uniq_gastronok, uniq_psyche
Temple:   oiseaux_autumnal_temple_12

Vanquished Creatures
  Gastronok Pikel
  A cyclops
  A kobold demonologist Prince Ribbit Sigmund
  The ghost of braks the Skirmisher, an amateur DgFi
  2 yaks
  A hungry ghost
  A wyvern Menkaure
  A phantom
  A black bear
  An orc warrior
  2 ice beasts
  A slave
  5 ogres
  2 centaurs
  A big kobold
  5 giant frogs
  A wyvern skeleton
  A scorpion
  4 killer bees
  8 wights
  A centaur zombie
  2 crimson imps
  The ghost of filipzpl the Magician, a weakling DEWz
  3 jellies
  A gnoll shaman
  3 orc priests
  2 iguanas
  11 orc wizards
  A centaur skeleton Ijyb
  4 worker ants
  A hound zombie
  A hound skeleton
  7 adders
  9 gnolls
  A worker ant zombie
  A shadow imp
  2 worms
  2 giant geckos
  18 orcs
  7 bats
  13 goblins
  6 hobgoblins
  4 jackals
  6 quokkas
  A ball python
  4 giant cockroaches
  A giant gecko skeleton
  8 giant newts
  11 kobolds
  A quokka zombie
  8 rats
  A spectral orc
188 creatures vanquished.
